 Dungeon Crawl Stone Soup version 0.18.1-47-g9310371 (webtiles) character file.

390 sarahorange the Grave Robber (level 6, -2/49 HPs)
             Began as a Deep Dwarf Necromancer on June 14, 2016.
             Was a Follower of Sif Muna.
             Shot with an arrow by a centaur (14 damage)
             ... on level 6 of the Dungeon on June 16, 2016.
             The game lasted 01:03:22 (5037 turns).

sarahorange the Grave Robber (DDNe)                 Turns: 5037, Time: 01:03:23

Health: -2/49      AC:  4    Str: 11    XL:     6   Next: 50%
Magic:  10/10      EV: 12    Int: 18    God:    Sif Muna [*.....]
Gold:   204        SH:  0    Dex: 13    Spells: 5 memorised, 2 levels left

rFire  x . .     SeeInvis .     g - +0 dagger
rCold  + . .     Gourm    .     s - +0 leather armour
rNeg   . . .     Faith    .     (no shield)
rPois  .         Spirit   .     (no helmet)
rElec  .         Dismiss  .     w - +0 cloak
rCorr  .         Reflect  .     (no gloves)
SustAt .         Harm     .     (no boots)
MR     .....                    (no amulet)
Stlth  ++........               (no ring)
                                f - ring of ice

@: non-regenerating, not resistant to hostile enchantments, unstealthy
A: damage resistance, recharge devices, sense surroundings 1, slow regeneration
3
a: Device Recharging, Channel Energy, Renounce Religion


You were on level 6 of the Dungeon.
You worshipped Sif Muna.
Sif Muna was aware of your devotion.
You were not hungry.

You visited 1 branch of the dungeon, and saw 6 of its levels.

You collected 204 gold pieces.

Inventory:

Hand Weapons
 e - a +0 dagger
 g - a +0 dagger (weapon)
Armour
 a - a +0 robe
 k - a +0 buckler
 s - a +0 leather armour (worn)
 w - a +0 cloak (worn)
 B - a +0 robe
Jewellery
 f - a ring of ice (left hand)
 i - a +3 amulet of reflection {unknown}
 r - an uncursed amulet of rage
 t - an uncursed amulet of guardian spirit
 v - an uncursed ring of magical power {unknown}
 y - the amulet "Neerch" {Faith +Fly Int+4 Dex+3, unknown}
   (You found it on level 4 of the Dungeon)

   [amulet of faith]

   It allows you to gain divine favour quickly.
   It affects your intelligence (+4).
   It affects your dexterity (+3).
   It lets you fly.
Wands
 c - a wand of heal wounds (4/9)
 x - a wand of hasting (7/9)
Scrolls
 h - a scroll of amnesia
 D - a scroll of remove curse
Potions
 j - a potion of curing {unknown}
 q - 2 potions of lignification {unknown}
 u - a potion of haste {unknown}
 z - a potion of mutation {unknown}
 A - a potion of brilliance {unknown}
 C - a potion of ambrosia {unknown}
 E - a potion of flight {unknown}
Books
 b - a book of Necromancy

   Spells                             Type                      Level
   a - Pain                           Necromancy                   1
   b - Animate Skeleton               Necromancy                   1
   c - Vampiric Draining              Necromancy                   3
   d - Regeneration                   Charms/Necromancy            3
   e - Animate Dead                   Necromancy                   4
   f - Control Undead                 Necromancy                   4
 o - a book of Air

   Spells                             Type                      Level
   a - Shock                          Conjuration/Air              1
   b - Swiftness                      Charms/Air                   2
   c - Repel Missiles                 Charms/Air                   2
   d - Static Discharge               Conjuration/Air              3
   e - Lightning Bolt                 Conjuration/Air              5
Comestibles
 d - 4 bread rations
 l - 2 chunks of flesh
 n - 2 meat rations


   Skills:
 + Level 0.1 Fighting
 + Level 1.9 Armour
 + Level 3.3 Dodging
 + Level 2.9 Stealth
 + Level 3.5 Spellcasting
 + Level 6.4 Necromancy
 + Level 0.3 Evocations


You had 2 spell levels left.
You knew the following spells:

 Your Spells              Type           Power        Failure   Level  Hunger
a - Pain                  Necr           ####         1%          1    None
b - Animate Skeleton      Necr           N/A          1%          1    None
c - Vampiric Draining     Necr           ####......   6%          3    ###....
d - Control Undead        Necr           ####......   17%         4    ####...
e - Shock                 Conj/Air       #...         24%         1    None


Dungeon Overview and Level Annotations

Branches:
Dungeon (6/15)
 Temple: D:4-7

Altars:
Cheibriados
Fedhas
Gozag
Makhleb
Okawaru
Qazlal
Sif Muna
Trog

Portals:
Sewer: D:6

Annotations:
D:5 Menkaure


Innate Abilities, Weirdness & Mutations

You are resistant to damage.
You can recharge devices by infusing magical energy.
You passively map a small area around you.
You do not regenerate naturally.


Message History

Moving in this stuff is going to be slow.
There is a large open door here.
You enter the shallow water.
Moving in this stuff is going to be slow.
You enter the shallow water.
Moving in this stuff is going to be slow.
You hear the rusting of a distant drain.
Found a stone staircase leading down.
Found 15 gold pieces.
A hobgoblin comes into view.
A centaur comes into view.
The centaur wields a shortbow.
The centaur shoots an arrow.
The arrow hits you!
The centaur shoots an arrow.
The arrow hits you!
* * * LOW HITPOINT WARNING * * *
The centaur shoots an arrow.
The arrow hits you.
* * * LOW HITPOINT WARNING * * *
You see here an arrow.
The centaur shoots an arrow.
The arrow hits you but does no damage.
The centaur shoots an arrow.
The arrow hits you!
You die...

#.#* ,, ..... #.# ##...
#.# , #... #.#* , ##* #.#.
####### #.# ... ...#.
#.c.... #.# ..# *####. * *
#...... #.#,.. , ,,.(
.......####.#.#..## ###
...$....(@.....>... , *
..#.#####........#########
*#....g............ *
*,***..........#.#.##### *
, , ...........# #.# # ,
......######.# #.# ###
,,......# ...#.# #.. * *
###...# ###.# #.# ,, #.#
#.#


You could see a centaur and a hobgoblin (wandering).

Vanquished Creatures
  A hound (D:4)
  An orc priest (D:3)
  3 orc wizards
  An iguana (D:4)
  3 worker ants
  6 gnolls
  5 adders
  2 oozes
  A worm (D:2)
  4 giant geckos
  5 orcs
  4 giant cockroaches
  10 goblins
  2 hobgoblins (D:1)
  2 jackals (D:3)
  A quokka (D:6)
  A ball python (D:1)
  4 bats
  4 giant newts
  7 kobolds
  7 rats
  A fungus (D:2)
75 creatures vanquished.

Notes
Turn   | Place    | Note
--------------------------------------------------------------
     0 | D:1      | sarahorange the Deep Dwarf Necromancer began the quest for the Orb.
     0 | D:1      | Reached XP level 1. HP: 15/15 MP: 3/3
     2 | D:1      | Learned a level 1 spell: Animate Skeleton
   451 | D:1      | Reached XP level 2. HP: 19/22 MP: 0/4
   847 | D:2      | Reached skill level 5 in Necromancy
   899 | D:2      | Found a snail-covered altar of Cheibriados.
   980 | D:2      | Found a deep blue altar of Sif Muna.
  1088 | D:2      | Reached XP level 3. HP: 28/28 MP: 1/6
  1105 | D:2      | Learned a level 3 spell: Vampiric Draining
  1166 | D:2      | Found an opulent altar of Gozag.
  1309 | D:2      | Found a stormy altar of Qazlal.
  1315 | D:2      | Found a blossoming altar of Fedhas.
  1451 | D:2      | Became a worshipper of Sif Muna the Loreminder
  1644 | D:2      | Reached XP level 4. HP: 20/36 MP: 2/7
  1924 | D:3      | Found an iron altar of Okawaru.
  1957 | D:3      | Found a faded altar to an unknown god.
  2658 | D:3      | Reached skill level 1 in Armour
  3298 | D:3      | Reached XP level 5. HP: 40/42 MP: 0/8
  3372 | D:1      | Learned a level 4 spell: Control Undead
  3452 | D:3      | Reached skill level 6 in Necromancy
  3751 | D:4      | Found a burning altar of Makhleb.
  3915 | D:4      | Reached XP level 6. HP: 47/49 MP: 1/9
  3922 | D:4      | Got a warped pewter amulet
  3963 | D:4      | Found a bloodstained altar of Trog.
  3995 | D:4      | Reached * piety under Sif Muna
  4431 | D:4      | Learned a level 1 spell: Shock
  4775 | D:5      | Entered Level 5 of the Dungeon
  4775 | D:5      | Noticed Menkaure
  4995 | D:6      | Found a glowing drain.
  5037 | D:6      | Shot with an arrow by a centaur

Skill      XL: |  1  2  3  4  5 |
---------------+----------------+-----
Spellcasting   | 2 3 |  3.5
Necromancy     | 5 6 |  6.4
Armour         | 1 |  1.9
Dodging        | 3 |  3.3
Fighting       | |  0.1
Stealth        | |  2.9
Evocations     | |  0.3

Action                   |  1- 3 |  4- 6 || total
-------------------------+-------+-------++-------
Melee: Dagger            |    57 |    54 ||   111
 Cast: Pain              |    55 |    60 ||   115
       Animate Skeleton  |     6 |     7 ||    13
       Vampiric Draining |       |    18 ||    18
       Control Undead    |       |     2 ||     2
       Shock             |       |     1 ||     1
Invok: Channel Energy    |       |     1 ||     1
 Abil: Device Recharging |       |     1 ||     1
Evoke: Wand              |     3 |     2 ||     5
  Use: Scroll            |     4 |     5 ||     9
       Potion            |       |     2 ||     2
 Stab: Distracted        |       |     1 ||     1
       Sleeping          |       |     1 ||     1
  Eat: Chunk             |     3 |     9 ||    12
       Pizza             |       |     2 ||     2
       Royal jelly       |       |     1 ||     1
Armor: Robe              |     4 |       ||     4
       Leather armour    |       |    14 ||    14
Dodge: Dodged            |    37 |    44 ||    81
